TOP OF THE 1ST |
Chicago Hawks batting - Pitching for Panama City Piranhas : RHP Martin MacNamara
|
Pitching: RHP Martin MacNamara
|
|
Batting: LHB Motoshige Kitamura
|
0-0: Ball 1-0: Ball 2-0: Called Strike 2-1: DOUBLE (Line Drive, 78S)
|
Batting: RHB Ed Whitaker
|
0-0: Called Strike 0-1: Swinging Strike 0-2: Foul Ball, location: 2F 0-2: Ball Wild Pitch! Motoshige Kitamura to third 1-2: Strikes out looking
|
Batting: LHB Mal Wadley
|
0-0: Foul Ball, location: 2F 0-1: Fly out, F8 (Line Drive, 8LM) Runner from 3rd tags up, SCORES, no throw
|
Batting: RHB Bryan Manning
|
0-0: Ball 1-0: Ball 2-0: Ball 3-0: Called Strike 3-1: Foul Ball, location: 2F 3-2: DOUBLE (Line Drive, 7LD)
|
Pinch Runner at 2nd Bobby Moore:
|
|
Batting: RHB Joe Guy
|
0-0: Ball 1-0: Swinging Strike 1-1: Swinging Strike 1-2: Strikes out looking
|
Top of the 1st over - 1 run(s), 2 hit(s), 0 error(s), 1 left on base; Chicago 1 - Panama City 0 |
BOTTOM OF THE 1ST |
Panama City Piranhas batting - Pitching for Chicago Hawks : RHP Dave Andrews
|
Pitching: RHP Dave Andrews
|
|
Now at 1B: Bobby Moore
|
|
Batting: LHB Miguel Martínez
|
0-0: Ground out U3 (Groundball, 3)
|
Batting: RHB Joel Lee
|
0-0: Ball 1-0: Ball 2-0: Ball 3-0: Base on Balls
|
Batting: SHB Marc Talamante
|
0-0: Ball 1-0: Fly out, F9 (Flyball, 89M)
|
Batting: RHB Harvey Porter
|
0-0: Ball 1-0: Ball 2-0: Ball 3-0: Called Strike 3-1: Called Strike 3-2: Foul Ball, location: 2F 3-2: Ground out 4-3 (Groundball, 4M)
|
Bottom of the 1st over - 0 run(s), 0 hit(s), 0 error(s), 1 left on base; Chicago 1 - Panama City 0 |
TOP OF THE 2ND |
Chicago Hawks batting - Pitching for Panama City Piranhas : RHP Martin MacNamara
|
Batting: SHB Daryl Moore
|
0-0: Reached on error, E3 (Groundball, 3S)
|
Batting: LHB Jeff Conklin
|
0-0: Ball 1-0: Foul Ball, location: 2F 1-1: Ball 2-1: Called Strike 2-2: Ball 3-2: Base on Balls Daryl Moore to second
|
Batting: RHB Ted Young
|
0-0: Grounds into double play, 6-4-3 (Groundball, 6M) Daryl Moore to third
|
Batting: RHB Dave Andrews
|
0-0: Ground out 5-3 (Groundball, 56S)
|
Top of the 2nd over - 0 run(s), 0 hit(s), 1 error(s), 1 left on base; Chicago 1 - Panama City 0 |
BOTTOM OF THE 2ND |
Panama City Piranhas batting - Pitching for Chicago Hawks : RHP Dave Andrews
|
Batting: SHB Theodore Buck
|
0-0: Fly out, F8 (Flyball, 8LM)
|
Batting: LHB Francisco Sánchez
|
0-0: Ball 1-0: SINGLE (Flyball, 4MD)
|
Batting: RHB William Hull
|
0-0: Ball 1-0: Ball 2-0: Ball 3-0: Called Strike 3-1: Swinging Strike 3-2: Foul Ball, location: 2F 3-2: Foul Ball, location: 2F 3-2: Grounds into double play, 4-6-3 (Groundball, 4)
|
Bottom of the 2nd over - 0 run(s), 1 hit(s), 0 error(s), 0 left on base; Chicago 1 - Panama City 0 |
TOP OF THE 3RD |
Chicago Hawks batting - Pitching for Panama City Piranhas : RHP Martin MacNamara
|
Batting: LHB Motoshige Kitamura
|
0-0: Ball 1-0: Called Strike 1-1: Foul Ball, location: 2F 1-2: Ground out 6-3 (Groundball, 6)
|
Batting: RHB Ed Whitaker
|
0-0: Ball 1-0: Ball 2-0: Ball 3-0: Base on Balls
|
Batting: LHB Mal Wadley
|
0-0: Ball 1-0: Called Strike 1-1: Foul Ball, location: 2F 1-2: Ball 2-2: Strikes out swinging
|
Batting: LHB Bobby Moore
|
0-0: Ball 1-0: Ball 2-0: Fly out, F6 (Popup, 6D)
|
Top of the 3rd over - 0 run(s), 0 hit(s), 0 error(s), 1 left on base; Chicago 1 - Panama City 0 |
BOTTOM OF THE 3RD |
Panama City Piranhas batting - Pitching for Chicago Hawks : RHP Dave Andrews
|
Batting: LHB Arturo Guzmán
|
0-0: Ball 1-0: Called Strike 1-1: Ball 2-1: Ball 3-1: Base on Balls
|
Batting: RHB Martin MacNamara
|
0-0: Bunted foul 0-1: Sac Bunt - play at first, batter OUT! 3-4 Arturo Guzmán to second
|
Batting: LHB Miguel Martínez
|
0-0: Ball 1-0: SINGLE (Groundball, 34D) Arturo Guzmán to third Runner from 3rd tries for Home, SAFE, throw made home
|
Batting: RHB Joel Lee
|
0-0: Ball 1-0: Foul Ball, location: 2F 1-1: Foul Ball, location: 2F 1-2: Strikes out swinging
|
Batting: SHB Marc Talamante
|
0-0: Ball 1-0: Called Strike 1-1: Foul Ball, location: 2F 1-2: Ground out 1-3 (Groundball, 13)
|
Bottom of the 3rd over - 1 run(s), 1 hit(s), 0 error(s), 1 left on base; Chicago 1 - Panama City 1 |
TOP OF THE 4TH |
Chicago Hawks batting - Pitching for Panama City Piranhas : RHP Martin MacNamara
|
Batting: RHB Joe Guy
|
0-0: SINGLE (Line Drive, 56D)
|
Batting: SHB Daryl Moore
|
0-0: Ball 1-0: DOUBLE (Flyball, 9LM) Joe Guy to third Runner from 3rd tries for Home, SAFE, no throw or cutoff
|
Batting: LHB Jeff Conklin
|
0-0: Ball 1-0: Called Strike 1-1: Fly out, F7 (Line Drive, 78M)
|
Batting: RHB Ted Young
|
0-0: Called Strike 0-1: Ball 1-1: Foul Ball, location: 2F 1-2: Ball 2-2: Ground out 6-3 (Groundball, 6M) Daryl Moore to third
|
Batting: RHB Dave Andrews
|
0-0: Fly out, F9 (Flyball, 89S)
|
Top of the 4th over - 1 run(s), 2 hit(s), 0 error(s), 1 left on base; Chicago 2 - Panama City 1 |
BOTTOM OF THE 4TH |
Panama City Piranhas batting - Pitching for Chicago Hawks : RHP Dave Andrews
|
Batting: RHB Harvey Porter
|
0-0: Fly out, F6 (Popup, 6M)
|
Batting: SHB Theodore Buck
|
0-0: Called Strike 0-1: Ground out 4-3 (Groundball, 4M)
|
Batting: LHB Francisco Sánchez
|
0-0: Called Strike 0-1: Swinging Strike 0-2: Ball 1-2: Strikes out swinging
|
Bottom of the 4th over - 0 run(s), 0 hit(s), 0 error(s), 0 left on base; Chicago 2 - Panama City 1 |
TOP OF THE 5TH |
Chicago Hawks batting - Pitching for Panama City Piranhas : RHP Martin MacNamara
|
Batting: LHB Motoshige Kitamura
|
0-0: SINGLE (Line Drive, 89S)
|
Batting: RHB Ed Whitaker
|
0-0: Ball 1-0: Foul Ball, location: 2F 1-1: Ball 2-1: Ball 3-1: Called Strike 3-2: Grounds into double play, 4-6-3 (Groundball, 34)
|
Batting: LHB Mal Wadley
|
0-0: Swinging Strike 0-1: SINGLE (Line Drive, 6D)
|
Batting: LHB Bobby Moore
|
0-0: Called Strike 0-1: Foul Ball, location: 2F 0-2: Ball 1-2: Strikes out swinging
|
Top of the 5th over - 0 run(s), 2 hit(s), 0 error(s), 1 left on base; Chicago 2 - Panama City 1 |
BOTTOM OF THE 5TH |
Panama City Piranhas batting - Pitching for Chicago Hawks : RHP Dave Andrews
|
Batting: RHB William Hull
|
0-0: Ball 1-0: Ball 2-0: Ball 3-0: Called Strike 3-1: Base on Balls
|
Batting: LHB Arturo Guzmán
|
0-0: Grounds into double play, U6-3 (Groundball, 6M)
|
Batting: RHB Martin MacNamara
|
0-0: Swinging Strike 0-1: Called Strike 0-2: Ball 1-2: Strikes out swinging
|
Bottom of the 5th over - 0 run(s), 0 hit(s), 0 error(s), 0 left on base; Chicago 2 - Panama City 1 |
TOP OF THE 6TH |
Chicago Hawks batting - Pitching for Panama City Piranhas : RHP Martin MacNamara
|
Batting: RHB Joe Guy
|
0-0: SINGLE (Groundball, 4M) (infield hit)
|
Batting: SHB Daryl Moore
|
0-0: Ball 1-0: Fielders Choice at 2nd, 3-6 (Groundball, 3)
|
Batting: LHB Jeff Conklin
|
0-0: Called Strike 0-1: Called Strike 0-2: Foul Ball, location: 2F 0-2: Strikes out looking
|
Batting: RHB Ted Young
|
0-0: Ball 1-0: Foul Ball, location: 2F 1-1: Swinging Strike 1-2: Foul Ball, location: 2F 1-2: Ball Wild Pitch! Daryl Moore to second 2-2: Ball 3-2: Base on Balls
|
Batting: RHB Dave Andrews
|
0-0: Ball 1-0: Called Strike 1-1: Foul Ball, location: 2F 1-2: Ball 2-2: Foul Ball, location: 2F 2-2: Strikes out swinging
|
Top of the 6th over - 0 run(s), 1 hit(s), 0 error(s), 2 left on base; Chicago 2 - Panama City 1 |
BOTTOM OF THE 6TH |
Panama City Piranhas batting - Pitching for Chicago Hawks : RHP Dave Andrews
|
Batting: LHB Miguel Martínez
|
0-0: Ball 1-0: Ball 2-0: Ball 3-0: Called Strike 3-1: Ground out 1-3 (Groundball, 13)
|
Batting: RHB Joel Lee
|
0-0: Ball 1-0: Called Strike 1-1: Ball 2-1: Foul Ball, location: 2F 2-2: Ball 3-2: SINGLE (Groundball, 56D)
|
Batting: SHB Marc Talamante
|
0-0: Ball 1-0: Ball 2-0: Ball 3-0: Base on Balls Joel Lee to second
|
Batting: RHB Harvey Porter
|
0-0: Ball 1-0: SINGLE (Line Drive, 6D) Joel Lee to third Marc Talamante to second Runner from 3rd tries for Home, SAFE, throw made home Marc Talamante to third Harvey Porter to second
|
Batting: SHB Theodore Buck
|
0-0: Fly out, F8 (Flyball, 8RS)
|
Batting: LHB Francisco Sánchez
|
0-0: Ball 1-0: Called Strike 1-1: Ball 2-1: Foul Ball, location: 2F 2-2: Fly out, F8 (Flyball, 8RM)
|
Bottom of the 6th over - 1 run(s), 2 hit(s), 0 error(s), 2 left on base; Chicago 2 - Panama City 2 |
TOP OF THE 7TH |
Chicago Hawks batting - Pitching for Panama City Piranhas : RHP Martin MacNamara
|
Batting: LHB Motoshige Kitamura
|
0-0: Foul Ball, location: 2F 0-1: Fly out, F7 (Flyball, 7LS)
|
Batting: RHB Ed Whitaker
|
0-0: Called Strike 0-1: Swinging Strike 0-2: SINGLE (Groundball, 4MD)
|
Batting: LHB Mal Wadley
|
0-0: Swinging Strike 0-1: Ball 1-1: Called Strike 1-2: Strikes out swinging
|
Batting: LHB Bobby Moore
|
0-0: Fly out, F8 (Flyball, 8RXD)
|
Top of the 7th over - 0 run(s), 1 hit(s), 0 error(s), 1 left on base; Chicago 2 - Panama City 2 |
BOTTOM OF THE 7TH |
Panama City Piranhas batting - Pitching for Chicago Hawks : RHP Dave Andrews
|
Batting: RHB William Hull
|
0-0: Called Strike 0-1: Ground out 4-3 (Groundball, 4)
|
Batting: LHB Arturo Guzmán
|
0-0: Called Strike 0-1: SINGLE (Groundball, 6MD)
|
Pinch Hitting: RHB Pete Knight
|
0-0: Foul Ball, location: 2F 0-1: Ball 1-1: Ball 2-1: Grounds into double play, 5-4-3 (Groundball, 5L)
|
Bottom of the 7th over - 0 run(s), 1 hit(s), 0 error(s), 0 left on base; Chicago 2 - Panama City 2 |
TOP OF THE 8TH |
Chicago Hawks batting - Pitching for Panama City Piranhas : RHP Martin MacNamara
|
Pitching: RHP Rubén Ramírez
|
|
Batting: RHB Joe Guy
|
0-0: Swinging Strike 0-1: SINGLE (Line Drive, 56)
|
Batting: SHB Daryl Moore
|
0-0: Called Strike 0-1: Ball 1-1: Fly out, F7 (Flyball, 78S)
|
Batting: LHB Jeff Conklin
|
0-0: Ball 1-0: Ball 2-0: Foul Ball, location: 2F 2-1: Ball 3-1: Base on Balls Joe Guy to second
|
Batting: RHB Ted Young
|
0-0: Called Strike 0-1: Ball 1-1: Fly out, F7 (Line Drive, 7M)
|
Pinch Hitting: RHB Francisco González
|
0-0: Called Strike 0-1: Fly out, F8 (Flyball, 89M)
|
Top of the 8th over - 0 run(s), 1 hit(s), 0 error(s), 2 left on base; Chicago 2 - Panama City 2 |
BOTTOM OF THE 8TH |
Panama City Piranhas batting - Pitching for Chicago Hawks : RHP Dave Andrews
|
Pitching: RHP Jim Dixon
|
|
Batting: LHB Miguel Martínez
|
0-0: Ball 1-0: Called Strike 1-1: Fly out, F8 (Flyball, 8RD)
|
Batting: RHB Joel Lee
|
0-0: SINGLE (Groundball, 56D)
|
Batting: SHB Marc Talamante
|
0-0: TRIPLE (Line Drive, 8RXD) Joel Lee scores
|
Pinch Hitting: LHB Steve Grimes
|
0-0: Intentional Walk
|
Pinch Hitting: RHB Jeff Bass
|
0-0: Ball 1-0: Foul Ball, location: 2F 1-1: Ball 2-1: Fly out, F7 (Flyball, 78XD) Runner from 3rd tags up, SCORES, no throw
|
Pitching: LHP Tim Powell
|
|
Batting: LHB Francisco Sánchez
|
0-0: Fly out, F7 (Flyball, 7LS)
|
Bottom of the 8th over - 2 run(s), 2 hit(s), 0 error(s), 1 left on base; Chicago 2 - Panama City 4 |
TOP OF THE 9TH |
Chicago Hawks batting - Pitching for Panama City Piranhas : RHP Rubén Ramírez
|
Pitching: RHP Jessie Holley
|
|
Now at C: Vern Ewing
|
|
Now at 2B: Jeff Bass
|
|
Now in RF: Steve Grimes
|
|
Batting: LHB Motoshige Kitamura
|
0-0: Called Strike 0-1: Ball 1-1: SINGLE (Line Drive, 56D)
|
Batting: RHB Ed Whitaker
|
0-0: Ball 1-0: SINGLE (Groundball, 6D) Motoshige Kitamura to second
|
Batting: LHB Mal Wadley
|
0-0: Foul Ball, location: 2F 0-1: Ball 1-1: Ball 2-1: Foul Ball, location: 2F 2-2: Fielders Choice at 2nd, 4-6 (Groundball, 4M) Motoshige Kitamura to third
|
Batting: LHB Bobby Moore
|
0-0: Fly out, F6 (Popup, 4MD)
|
Batting: RHB Joe Guy
|
0-0: Ball 1-0: Foul Ball, location: 2F 1-1: Ball 2-1: Swinging Strike 2-2: Strikes out swinging
|
Top of the 9th over - 0 run(s), 2 hit(s), 0 error(s), 2 left on base; Chicago 2 - Panama City 4 |
|